 Dungeon Crawl Stone Soup version 0.26-a0-1107-g6118521029 (webtiles) character file.

Game seed: 10016303850862323727

231428 snetch the Fencer (level 19, -1/177 HPs)
             Began as a Hill Orc Monk on Dec 10, 2020.
             Was the Champion of Beogh.
             Slain by a naga mage
             ... wielding a +0 spear
              (7 damage)
             ... on level 4 of the Snake Pit on Dec 16, 2020.
             The game lasted 04:28:26 (45860 turns).

snetch the Fencer (Hill Orc Monk)                  Turns: 45860, Time: 04:28:27

Health: -1/177     AC: 30    Str: 33    XL:     19   Next: 50%
Magic:  23/23      EV: 13    Int: 14    God:    Beogh [******]
Gold:   2078       SH:  0    Dex: 19    Spells: 18/18 levels left

rFire    . . .     SeeInvis .   a - +10 great sword of the Equinox {flame, rN+ Will+ Str+5 Stlth+}
rCold    . . .     Faith    +   (shield currently unavailable)
rNeg     + . .     Spirit   .   Z - +1 plate armour "Fivemm" {Will+ Dex+3}
rPois    .         Reflect  .   r - +1 helmet
rElec    .         Harm     .   e - +2 cloak
rCorr    .         Rampage  .   q - +2 pair of gloves {Dex+3}
Will     ++++.                  L - +0 pair of boots
Stlth    ..........             C - amulet of faith
HPRegen  0.39/turn              f - ring of Gyitely {+Fly Will+ Int+4}
MPRegen  0.18/turn              m - +6 ring of strength

@: lethally poisoned (-1 -> -7), about to teleport
A: walk on water
}: 1/15 runes: barnacled
a: Smiting, Recall Orcish Followers, Give Item to Named Follower, Resurrection,
Renounce Religion, Evoke Flight


You were on level 4 of the Snake Pit.
You worshipped Beogh.
Beogh was exalted by your worship.
You visited 6 branches of the dungeon, and saw 30 of its levels.
You also visited: Bailey.

You collected 3405 gold pieces.
You spent 1327 gold pieces at shops.

Inventory:

Hand Weapons
 a - the +10 great sword of the Equinox (weapon) {flame, rN+ Will+ Str+5 Stlth+}
   (You took it off an orc warrior on level 4 of the Dungeon)

   It has been specially enchanted to burn those struck by it, causing extra
   injury to most foes and up to half again as much damage against particularly
   susceptible opponents.
   Big, fiery blades are also staple armaments of hydra-hunters.
   It affects your strength (+5).
   It protects you from negative energy.
   It affects your willpower, your defense against some magical effects.
   It makes you more stealthy.
 x - a +5 trident of protection
 N - the +10 hand axe "Murutum" {elec, rF- Will+ Str+6}
   (You found it on level 9 of the Dungeon)

   Occasionally, upon striking a foe, it can discharge electrical energy and
   cause terrible harm.
   It affects your strength (+6).
   It makes you vulnerable to fire.
   It affects your willpower, your defense against some magical effects.
 O - a +3 halberd
Missiles
 b - 11 datura-tipped darts
 u - 16 silver boomerangs (quivered)
 v - 52 javelins
 w - 33 silver javelins
 G - 112 boomerangs
 H - 74 poisoned darts
 X - 6 curare-tipped darts
Armour
 e - a +2 cloak (worn)
 q - a +2 pair of gloves of dexterity (worn)
 r - a +1 helmet (worn)
 E - a +1 kite shield
 L - a +0 pair of boots (worn)
 Z - the +1 plate armour "Fivemm" (worn) {Will+ Dex+3}
   (You found it on level 6 of the Lair of Beasts)

   It affects your dexterity (+3).
   It affects your willpower, your defense against some magical effects.
Jewellery
 f - the ring of Gyitely (left hand) {+Fly Will+ Int+4}
   (You found it on level 2 of the Snake Pit)

   [ring of flight]

   It affects your intelligence (+4).
   It affects your willpower, your defense against some magical effects.
   It lets you fly.
 m - a +6 ring of strength (right hand)
 C - an amulet of faith (around neck)
 K - an uncursed ring of resist corrosion
Wands
 h - a wand of disintegration (20)
 j - a wand of flame (9)
 A - a wand of polymorph (15)
 J - a wand of random effects (19)
 R - a wand of iceblast (14)
 S - a wand of digging (8)
 U - a wand of paralysis (31)
 V - a wand of acid (1)
Scrolls
 c - a scroll of magic mapping
 o - 8 scrolls of teleportation
 t - 5 scrolls of fear
 y - 10 scrolls of blinking
 I - a scroll of holy word
 M - a scroll of silence
 P - 3 scrolls of immolation
 Q - 2 scrolls of torment
 Y - 4 scrolls of fog
Potions
 d - 8 potions of lignification
 g - 5 potions of might
 l - a potion of cancellation
 n - 2 potions of flight
 p - a potion of mutation
 z - 2 potions of haste
 D - 2 potions of ambrosia
 T - 2 potions of attraction
 W - a potion of invisibility
Miscellaneous
 i - a tin of tremorstones (2/2)
 k - a condenser vane
 s - a box of beasts (inert)
 B - a lightning rod (4/4)


   Skills:
 + Level 17.4 Fighting
 - Level 20.0 Long Blades
 - Level 10.2(10.4) Axes
 - Level 2.3(5.9) Polearms
 + Level 5.7 Throwing
 + Level 16.8 Armour
 + Level 6.2 Dodging
 + Level 4.6 Stealth
 + Level 6.3 Invocations
 + Level 5.1 Evocations


You had 18 spell levels left.
You didn't know any spells.
Your spell library contained the following spells:

 Spells                   Type           Power        Failure   Level
 Animate Skeleton         Necr           #.....       77%         1
 Apportation              Tloc           #.....       77%         1
 Beastly Appendage        Tmut           #.....       77%         1
 Corona                   Hex            #......      77%         1
 Pain                     Necr           #...         77%         1
 Shock                    Conj/Air       #...         77%         1
 Summon Small Mammal      Summ           #...         77%         1
 Call Imp                 Summ           #.......     88%         2
 Swiftness                Air            #.......     88%         2
 Wereblood                Tmut           #.......     88%         2
 Call Canine Familiar     Summ           #.......     98%         3
 Confusing Touch          Hex            #.......     98%         3
 Gell's Gravitas          Tloc           #.........   98%         3
 Spider Form              Tmut/Pois      #.........   98%         3
 Static Discharge         Conj/Air       #.......     98%         3
 Summon Guardian Golem    Hex/Summ       #.......     98%         3
 Vampiric Draining        Necr           #.........   98%         3
 Airstrike                Air            #.........   100%        4
 Animate Dead             Necr           #.........   100%        4
 Ice Form                 Ice/Tmut       #.......     100%        4
 Leda's Liquefaction      Hex/Erth       #.........   100%        4
 Petrify                  Tmut/Erth      #.......     100%        4
 Summon Ice Beast         Ice/Summ       #.......     100%        4
 Summon Lightning Spire   Summ/Air       #.......     100%        4
 Agony                    Necr           #.......     100%        5
 Blade Hands              Tmut           #.........   100%        5
 Bolt of Magma            Conj/Fire/Erth #.........   100%        5
 Lightning Bolt           Conj/Air       #.........   100%        5
 Metabolic Englaciation   Hex/Ice        #.........   100%        5
 Yara's Violent Unravell  Hex/Tmut       #.........   100%        5
 Iron Shot                Conj/Erth      #.........   100%        6
 Statue Form              Tmut/Erth      #........    100%        6
 Shatter                  Erth           #.........   100%        9


Dungeon Overview and Level Annotations

Branches:
Dungeon (13/15)            Temple (1/1) D:4            Lair (6/6) D:11
 Shoals (4/4) Lair:3        Snake (4/4) Lair:3        Slime (0/5) Lair:6
    Orc (2/2) D:10            Elf (0/3) Orc:2        Vaults (0/5) D:13
 Bailey (visited)

Altars:
Ashenzari
Cheibriados
Dithmenos
Elyvilon
Fedhas
Gozag
Hepliaklqana
Kikubaaqudgha
Makhleb
Nemelex Xobeh
Okawaru
Qazlal
Ru
Sif Muna
Trog
Uskayaw
Vehumet
Wu Jian
Xom
Yredelemnul
Zin
The Shining One
Beogh
Jiyva

Shops:
D:5 !   D:6 *   D:8 [?[}   Orc:1 :   Orc:2 *([(   Shoals:1 }   Snake:4 *

Annotations:
Lair:6 staff behind statue


Message History

Your orc priest no longer looks unusually strong.
Your juvenile weirdox beast is engulfed in seething chaos.
The naga sharpshooter gestures wildly while chanting.
The naga sharpshooter magically shoots an arrow.
The arrow hits you.
* * * LOW HITPOINT WARNING * * *
The naga mage misses you. The naga spits poison at you.
The splash of poison hits you but does no damage.
You are lethally poisoned!
You hear a shout!
As you read the scroll of teleportation, it crumbles to dust.
You feel strangely unstable.
* * * LOW HITPOINT WARNING * * *
You feel sick.
Korbok no longer looks unusually strong.
Harm no longer looks unusually strong.
Your orc warrior is engulfed in seething chaos.
The naga mage hits you from afar with a +0 spear!
You die...

#.#...# ...###.....#
#.#(..# ...# #......#
#.#...## ...# #.......#
#.##...# ##...#
#........ #..#...##
#....# #........
##.##)..## ###)).#
..#...o######)N...#
#..##..oooooooNNN.##
#...
##....##..oo.oo)@..##
#....###
.......###oooHo.####
#....#.. ......#
######## ....#..
.≈≈≈...# #....##
≈≈≈≈≈≈.# ##....#
≈≈≈♣≈.≈. #..^... ≈≈♣≈≈≈≈
...# ...... #.?. ≈.≈≈≈♣♣
≈≈..#...##...... #...
.≈≈≈♣≈♣≈≈≈≈.##..........
##...


You could see a naga sharpshooter, a naga mage (catching breath), 2 nagas, the
friendly Argrim the orc warlord (strong), a friendly juvenile weirdox beast
(summoned), 4 friendly orc knights, the friendly Harm the orc knight, the
friendly Korbok the orc knight, the friendly Morbeogh the orc knight (strong),
the friendly Wargath the orc knight, a friendly orc high priest, the friendly
Morun the orc sorcerer, 2 friendly orc warriors, the friendly Brandogh the orc
warrior, a friendly orc priest and the friendly Boderik the orc priest (strong).

Vanquished Creatures
  A kraken (Shoals:3)
  4 nagarajas (Snake:4)
  4 entropy weavers (Lair:3)
  2 dire elephants (Lair:6)
  2 merfolk javelineers (Shoals:4)
  2 merfolk impalers (Shoals:4)
  9 naga warriors
  5 hydras
  2 catoblepae
  3 ghost crabs (Lair:3)
  A boulder beetle (D:13)
  2 merfolk aquamancers (Shoals:4)
  6 anacondas
  2 merfolk avatars
  2 satyrs
  2 two-headed ogres (D:13)
  An orc high priest (Orc:2)
  7 naga sharpshooters
  Urug (D:13)
  5 shock serpents
  An unseen horror (D:13)
  5 fire crabs (Lair:3)
  8 sea snakes
  A kraken simulacrum (Shoals:4)
  4 naga ritualists
  18 harpies
  An orange crystal statue (D:13)
  An orc knight (Bailey)
  11 mana vipers
  15 manticores
  4 salamanders
  11 fauns
  23 black mambas
  7 elephants
  3 cyclopes
  7 merfolk sirens
  5 guardian serpents
  15 naga magi
  An apocalypse crab (Lair:3)
  10 cane toads
  4 water nymphs
  A gargoyle (D:13)
  A centaur skeleton (D:10)
  2 orange demons (D:13)
  A yaktaur (Shoals:1)
  5 komodo dragons
  2 rime drakes
  6 trolls
  11 merfolk
  The ghost of Frask the Cutter, an amateur MiFi (D:4)
  4 wind drakes
  A polar bear (Lair:3)
  9 snapping turtles
  6 dream sheep
  4 blink frogs (Lair:6)
  4 slime creatures
  Sigmund (D:3)
  3 wyverns
  A redback (Orc:1)
  2 tarantellas (Orc:1)
  6 water elementals
  27 yaks
  3 shadows
  A wraith (D:11)
  A fire elemental (D:12)
  2 vampire mosquitoes (D:12)
  3 basilisks
  33 nagas
  An acid dragon (shapeshifter) (D:13)
  10 water moccasins
  3 black bears
  4 ice beasts
  5 sky beasts
  12 orc warriors
  8 ogres
  2 eyes of draining (D:10)
  4 necrophages (Lair:2)
  3 wolves (Lair:1)
  10 centaurs
  2 big kobolds
  8 bullfrogs
  A water moccasin zombie (D:11)
  9 scorpions
  6 electric eels
  8 killer bees
  5 wights
  4 howler monkeys
  A lava snake (D:12)
  A centaur zombie (D:12)
  3 hounds
  3 jellies
  2 bullfrog skeletons
  11 orc priests
  Jessica (D:2)
  Ijyb (D:4)
  2 iguanas
  10 worker ants
  9 orc wizards
  A killer bee zombie (D:5)
  A hound zombie (D:5)
  A hound skeleton (D:4)
  Robin (D:2)
  A worker ant zombie (D:5)
  9 adders
  7 gnolls
  A shadow imp (D:8)
  An ufetubus (D:5)
  2 oozes (D:3)
  3 worms
  4 leopard geckos
  15 orcs
  2 ball pythons
  3 giant cockroaches
  20 goblins
  11 hobgoblins
  5 jackals
  2 quokkas
  4 bats
  7 frilled lizards
  32 kobolds
  A quokka skeleton (D:6)
  4 rats
  A bush (Lair:5)
  A fungus (Lair:1)
  2 tentacles
650 creatures vanquished.

Vanquished Creatures (collateral kills)
  Frances (D:13)
  6 nagarajas
  Louise (Shoals:4)
  4 dire elephants (Lair:6)
  2 merfolk javelineers (Shoals:4)
  A merfolk impaler (Shoals:4)
  3 hydras
  9 naga warriors
  A merfolk avatar (Shoals:4)
  A boulder beetle (Lair:5)
  A two-headed ogre (D:13)
  4 anacondas
  A merfolk aquamancer (Shoals:4)
  An ogre mage (D:13)
  6 naga sharpshooters
  A shock serpent (Snake:2)
  4 naga ritualists
  A sea snake (Snake:4)
  A wizard (D:9)
  An orc knight (Orc:2)
  4 mana vipers
  3 orc sorcerers
  A cyclops (D:13)
  3 elephants
  3 manticores
  7 salamanders
  A merfolk siren (Shoals:4)
  10 black mambas
  A water nymph (Shoals:4)
  2 orange demons (D:13)
  7 naga magi
  2 guardian serpents
  A cane toad (Lair:2)
  A rime drake (Lair:3)
  2 komodo dragons
  A yaktaur (shapeshifter) (D:13)
  3 merfolk (Shoals:4)
  A queen bee (shapeshifter) (D:13)
  5 trolls
  A polar bear (Lair:6)
  4 blink frogs (Lair:6)
  5 slime creatures
  2 snapping turtles (Shoals:4)
  A wyvern (Lair:6)
  31 yaks
  2 basilisks
  A vampire mosquito (D:12)
  24 nagas
  An acid dragon (D:13)
  2 wargs (Orc:2)
  A soldier ant (D:13)
  8 water moccasins
  An ice beast (D:8)
  2 phantoms
  2 necrophages (Lair:2)
  5 ogres
  13 orc warriors
  3 centaurs
  3 bullfrogs
  A big kobold (D:11)
  A wyvern skeleton (D:13)
  A scorpion (D:13)
  A killer bee (D:10)
  2 electric eels
  4 howler monkeys
  8 wights
  2 bullfrog zombies
  5 orc priests
  2 hounds
  2 jellies
  9 orc wizards
  A bullfrog skeleton (D:11)
  3 worker ants
  A worker ant zombie (D:10)
  An adder (D:11)
  An ufetubus (D:7)
  18 orcs
  3 hobgoblins (Bailey)
  6 kobolds
  2 quokkas
  A quokka skeleton (D:7)
  3 fungi
  A plant (Lair:1)
299 creatures vanquished.

Vanquished Creatures (others)
  An orc warlord (Orc:2)
  6 orc knights
  14 orc warriors
  8 orc priests
  11 orc wizards
  An ooze (D:4)
  An adder skeleton (D:4)
  A dart slug (D:4)
  55 orcs
  A hobgoblin (D:2)
  3 jackals (D:4)
  A bush (Shoals:1)
  90 fungi
  252 plants
  6 tentacles
451 creatures vanquished.

Grand Total: 1400 creatures vanquished

Notes
Turn   | Place    | Note
-------+----------+-------------------------------------------
     0 | D:1      | snetch the Hill Orc Monk began the quest for the Orb.
     0 | D:1      | Reached XP level 1. HP: 19/19 MP: 1/1
    38 | D:1      | Reached XP level 2. HP: 18/27 MP: 2/2
   450 | D:1      | Reached XP level 3. HP: 33/33 MP: 3/3
  1231 | D:1      | Reached skill level 5 in Axes
  1231 | D:1      | Reached XP level 4. HP: 14/40 MP: 4/4
  1448 | D:2      | Reached skill level 1 in Armour
  1736 | D:2      | HP: 2/40 [goblin/stone[Robin] (1)]
  2111 | D:2      | Noticed Jessica
  2123 | D:2      | Killed Jessica
  2124 | D:2      | Reached XP level 5. HP: 25/47 MP: 5/5
  2130 | D:2      | Noticed Robin
  2170 | D:2      | Killed Robin
  2518 | D:4      | Became a worshipper of Beogh the Brigand
  2518 | D:4      | Reached * piety under Beogh
  2518 | D:4      | Reached ** piety under Beogh
  2970 | D:3      | Noticed Sigmund
  2979 | D:3      | Found a broken altar of Ashenzari.
  3063 | D:3      | Reached XP level 6. HP: 46/53 MP: 6/6
  3856 | D:3      | Killed Sigmund
  3857 | D:3      | Reached skill level 5 in Fighting
  3857 | D:3      | Reached XP level 7. HP: 16/61 MP: 7/7
  4486 | D:5      | Entered Level 5 of the Dungeon
  4552 | D:4      | Found a staircase to the Ecumenical Temple.
  4591 | Temple   | Entered the Ecumenical Temple
  4743 | D:4      | Noticed Ijyb
  4772 | D:4      | Killed Ijyb
  5319 | D:4      | Found a sparkling altar of Nemelex Xobeh.
  5375 | D:4      | Found a runed translucent gate.
  5375 | D:4      | Found a runed translucent gate.
  5375 | D:4      | Noticed Frask's ghost (amateur MiFi)
  5376 | D:4      | Found a runed translucent gate.
  5376 | D:4      | Found a roughly hewn altar of Beogh.
  5376 | D:4      | Identified the +3 leather armour of Eternity {-Tele rElec
                  | rF++ SInv}
  5378 | D:4      | Identified the +10 great sword of the Equinox {flame, rN+
                  | Will+ Str+5 Stlth+}
  5630 | D:4      | Upgraded the game from 0.26-a0-1033-gd598b01645 to
                  | 0.26-a0-1060-g086102a3f0
  6640 | D:5      | Found Zaunk's Distillery.
  6663 | D:5      | Bought a potion of heal wounds for 70 gold pieces
  6663 | D:5      | Bought a potion of curing for 42 gold pieces
  6663 | D:5      | Bought a potion of lignification for 42 gold pieces
  6663 | D:5      | Bought a potion of degeneration for 14 gold pieces
  6805 | D:5      | Reached *** piety under Beogh
  6806 | D:5      | Reached XP level 8. HP: 69/69 MP: 8/8
  7833 | D:7      | Found a flagged portal.
  7895 | Bailey   | Entered a bailey
  8065 | Bailey   | Reached skill level 1 in Throwing
  8146 | Bailey   | Noticed an orc knight
  8151 | Bailey   | Reached **** piety under Beogh
  8168 | Bailey   | Killed an orc knight
  8169 | Bailey   | Reached skill level 1 in Polearms
  8169 | Bailey   | Reached skill level 5 in Armour
  8193 | Bailey   | Reached XP level 9. HP: 16/78 MP: 9/9
  8877 | D:5      | Bought a potion of curing for 42 gold pieces
  8877 | D:5      | Bought a potion of heal wounds for 70 gold pieces
  9038 | D:6      | Found Xeagori's Assorted Antiques.
  9079 | D:6      | Bought a potion of heal wounds for 120 gold pieces
  9079 | D:6      | Bought a potion of curing for 72 gold pieces
  9079 | D:6      | Bought an ancient plate armour for 672 gold pieces
  9090 | D:6      | Identified the cursed +1 plate armour "Fitrin" {rC+ Dex-5
                  | Stlth+} (You bought it in a shop on level 6 of the Dungeon)
  9873 | D:4      | HP: 3/79 [orc priest/divine providence (13)]
  9876 | D:4      | Reached skill level 10 in Axes
  9881 | D:4      | Killed Frask's ghost
 10402 | D:7      | Reached skill level 1 in Invocations
 10576 | D:8      | Found Rajif's Antique Armour Shoppe.
 10592 | D:8      | Found Xugab's Magic Scroll Shoppe.
 10605 | D:8      | Bought a scroll of identify for 22 gold pieces
 10605 | D:8      | Bought a scroll of teleportation for 33 gold pieces
 10605 | D:8      | Bought a scroll of immolation for 38 gold pieces
 10648 | D:8      | Found Yttem's Gadget Shoppe.
 10676 | D:8      | Noticed a troll
 10682 | D:8      | Killed a troll
 10683 | D:8      | Reached skill level 1 in Long Blades
 10689 | D:8      | Reached skill level 2 in Long Blades
 10767 | D:8      | Upgraded the game from 0.26-a0-1060-g086102a3f0 to
                  | 0.26-a0-1086-g9010512d90
 10794 | D:8      | Found a sacrificial altar of Ru.
 10865 | D:8      | Found Opnod's Antique Armour Boutique.
 10920 | D:8      | Reached XP level 10. HP: 70/88 MP: 10/10
 11441 | D:9      | Reached skill level 3 in Long Blades
 11490 | D:9      | Gained Korbok as an ally
 11614 | D:9      | Found a white marble altar of Elyvilon.
 11686 | D:10     | Entered Level 10 of the Dungeon
 11695 | D:10     | Reached ***** piety under Beogh
 11705 | D:10     | Reached skill level 4 in Long Blades
 11962 | D:9      | Found a broken altar of Ashenzari.
 12281 | D:9      | Noticed a wizard
 12286 | D:9      | Killed a wizard
 12287 | D:9      | Reached skill level 5 in Long Blades
 12443 | D:9      | Got a polished hand axe
 12451 | D:9      | Identified the +10 hand axe "Murutum" {elec, rF- Will+
                  | Str+6} (You found it on level 9 of the Dungeon)
 12543 | D:9      | Found a sacrificial altar of Ru.
 12735 | D:10     | Found a staircase to the Orcish Mines.
 12746 | D:10     | Noticed a cyclops
 12753 | D:10     | Reached skill level 6 in Long Blades
 12756 | D:10     | Killed a cyclops
 13106 | Orc:1    | Entered Level 1 of the Orcish Mines
 13106 | Orc:1    | Noticed an orc sorcerer
 13109 | Orc:1    | Killed an orc sorcerer
 13114 | Orc:1    | Found Cano's Book Shoppe.
 13127 | Orc:1    | Reached skill level 7 in Long Blades
 13474 | Orc:1    | Reached XP level 11. HP: 93/95 MP: 11/11
 13474 | Orc:1    | Gained Ugbert as an ally
 13476 | Orc:1    | Gained Wargath as an ally
 13658 | Orc:1    | Found an iron altar of Okawaru.
 13702 | Orc:1    | Noticed a wolf spider
 13707 | Orc:1    | Gained Herok as an ally
 13816 | Orc:1    | Reached skill level 8 in Long Blades
 13900 | Orc:2    | Entered Level 2 of the Orcish Mines
 13964 | Orc:2    | Found a roughly hewn altar of Beogh.
 13966 | Orc:2    | Noticed an orc sorcerer
 13973 | Orc:2    | Killed an orc sorcerer
 13975 | Orc:2    | Found Aleck's Assorted Antiques.
 14037 | Orc:2    | Found a roughly hewn altar of Beogh.
 14473 | Orc:2    | Reached skill level 9 in Long Blades
 14579 | Orc:2    | Noticed an orc high priest
 14581 | Orc:2    | Noticed a soul eater
 14586 | Orc:2    | Killed an orc high priest
 14685 | Orc:2    | Found a staircase to the Elven Halls.
 14756 | Orc:2    | Found a roughly hewn altar of Beogh.
 14987 | Orc:2    | Noticed an orc high priest
 14988 | Orc:2    | Noticed an orc warlord
 14989 | Orc:2    | Noticed an orc knight
 14989 | Orc:2    | Noticed an orc sorcerer
 15000 | Orc:2    | Your ally Wargath died
 15005 | Orc:2    | Killed an orc sorcerer
 15007 | Orc:2    | Found Itoas's Antique Armour Emporium.
 15009 | Orc:2    | Found a roughly hewn altar of Beogh.
 15021 | Orc:2    | Found Izit's Antique Weapon Shoppe.
 15028 | Orc:2    | Reached ****** piety under Beogh
 15302 | Orc:2    | Noticed an orc knight
 15303 | Orc:2    | Found a roughly hewn altar of Beogh.
 15303 | Orc:2    | Found Juloas's Antique Weapon Boutique.
 15307 | Orc:2    | Killed an orc knight
 15363 | Orc:2    | Reached skill level 10 in Long Blades
 15801 | D:10     | You fall into a shaft and drop 2 floors!
 15851 | D:12     | Reached skill level 10 in Armour
 16146 | D:12     | Reached XP level 12. HP: 21/106 MP: 13/13
 16335 | D:11     | Gained Bolgrim as an ally
 16337 | D:11     | Reached skill level 11 in Long Blades
 16341 | D:11     | Reached skill level 10 in Fighting
 16373 | D:10     | Gained Hawl as an ally
 17579 | D:11     | Found a staircase to the Lair.
 17734 | D:11     | Gained Boderik as an ally
 18186 | D:12     | Upgraded the game from 0.26-a0-1086-g9010512d90 to
                  | 0.26-a0-1102-g347fe5baa7
 18695 | D:12     | Reached skill level 12 in Long Blades
 18962 | D:13     | Noticed Urug
 18970 | D:13     | Killed Urug
 18973 | D:13     | Gained Morun as an ally
 19214 | D:13     | Noticed a two-headed ogre
 19214 | D:13     | Noticed a two-headed ogre
 19215 | D:13     | Noticed an ogre mage
 19277 | D:13     | Noticed a boulder beetle
 19284 | D:13     | Killed a boulder beetle
 19298 | D:13     | Killed an ogre mage
 19299 | D:13     | Your ally Herok died
 19303 | D:13     | Killed a two-headed ogre
 19306 | D:13     | Killed a two-headed ogre
 19314 | D:13     | Reached skill level 13 in Long Blades
 19320 | D:13     | Found a white marble altar of Elyvilon.
 19323 | D:13     | HP: 1/108 [acid (11)]
 19756 | D:13     | Reached XP level 13. HP: 100/116 MP: 14/14
 19772 | D:13     | Noticed Frances
 19781 | D:13     | Killed Frances
 20443 | D:13     | Found a gate to the Vaults.
 20704 | D:13     | Reached skill level 1 in Evocations
 20721 | D:13     | Gained Argrim as an ally
 20859 | Lair:1   | Entered Level 1 of the Lair of Beasts
 21047 | Lair:1   | Reached skill level 14 in Long Blades
 23028 | Lair:3   | Found a runed translucent door.
 23205 | Lair:3   | Found a staircase to the Shoals.
 23327 | Lair:3   | Found a staircase to the Snake Pit.
 23956 | Lair:3   | Noticed an entropy weaver
 23960 | Lair:3   | Reached XP level 14. HP: 69/127 MP: 16/16
 23963 | Lair:3   | Killed an entropy weaver
 23964 | Lair:3   | Reached skill level 15 in Long Blades
 24518 | Lair:3   | Noticed an entropy weaver
 24536 | Lair:3   | Killed an entropy weaver
 24694 | Lair:3   | Noticed an entropy weaver
 24708 | Lair:3   | Killed an entropy weaver
 25054 | Lair:3   | Noticed an entropy weaver
 25063 | Lair:3   | Killed an entropy weaver
 26173 | Lair:4   | Got a brightly glowing ivory ring
 26175 | Lair:4   | Identified the ring of Qydar {rF+ Int+6} (You found it on
                  | level 4 of the Lair of Beasts)
 26228 | Lair:4   | Reached skill level 5 in Dodging
 26228 | Lair:4   | Reached XP level 15. HP: 136/136 MP: 17/17
 27083 | Lair:5   | Gained Syrus as an ally
 27223 | Lair:5   | Reached skill level 16 in Long Blades
 28110 | Lair:6   | Entered Level 6 of the Lair of Beasts
 28787 | Lair:6   | Found a staircase to the Slime Pits.
 28787 | Lair:6   | Found a viscous altar of Jiyva.
 28958 | Lair:6   | Gained Harm as an ally
 29458 | Lair:6   | Got a heavily runed plate armour
 29464 | Lair:6   | Identified the +1 plate armour "Fivemm" {Will+ Dex+3} (You
                  | found it on level 6 of the Lair of Beasts)
 29659 | Lair:6   | Reached XP level 16. HP: 113/146 MP: 18/18
 30120 | Shoals:1 | Entered Level 1 of the Shoals
 30856 | Shoals:1 | Found Suawka's Gadget Boutique.
 30864 | Shoals:1 | Bought a wand of flame (13) for 90 gold pieces
 31086 | Shoals:1 | Reached skill level 17 in Long Blades
 33189 | Shoals:3 | Reached skill level 5 in Throwing
 33745 | Shoals:3 | Got a scorched broad axe
 33747 | Shoals:3 | Identified the +1 broad axe of Fusa {vorpal, rPois SInv}
                  | (You found it on level 3 of the Shoals)
 34054 | Shoals:3 | Reached skill level 15 in Fighting
 34306 | Shoals:3 | Noticed a kraken
 34316 | Shoals:3 | Killed a kraken
 34762 | Shoals:4 | Entered Level 4 of the Shoals
 34778 | Shoals:4 | Reached skill level 18 in Long Blades
 35762 | Shoals:4 | Noticed Louise
 35768 | Shoals:4 | Reached XP level 17. HP: 55/156 MP: 17/20
 35772 | Shoals:4 | Gained Bogdan as an ally
 35776 | Shoals:4 | Killed Louise
 35778 | Shoals:4 | Gained Morbeogh as an ally
 35779 | Shoals:4 | Reached skill level 15 in Armour
 35785 | Shoals:4 | Your ally Bogdan died
 36236 | Shoals:4 | Got a barnacled rune of Zot
 36570 | Shoals:4 | Got a sheer robe
 37384 | Lair:3   | Upgraded the game from 0.26-a0-1102-g347fe5baa7 to
                  | 0.26-a0-1107-g6118521029
 37425 | Snake:1  | Entered Level 1 of the Snake Pit
 38660 | Snake:1  | Identified the +1 robe "Sijeot" {Dex+4} (You found it on
                  | level 4 of the Shoals)
 38969 | Snake:1  | Found a shimmering altar of Xom.
 38989 | Snake:1  | Reached skill level 5 in Invocations
 39831 | Snake:2  | Your ally Bolgrim died
 39839 | Snake:2  | Reached skill level 19 in Long Blades
 40104 | Snake:1  | Gained Brandogh as an ally
 41213 | Snake:2  | Got a steaming lead ring
 41214 | Snake:2  | Identified the ring of Gyitely {+Fly Will+ Int+4} (You
                  | found it on level 2 of the Snake Pit)
 42797 | Snake:3  | Reached XP level 18. HP: 158/168 MP: 13/22
 42945 | Snake:3  | Reached XP level 19. HP: 174/174 MP: 23/23
 43049 | Snake:4  | Entered Level 4 of the Snake Pit
 43349 | Snake:3  | Got a crystal flail
 43350 | Snake:3  | Identified the +1 flail "Syzemioq" {freeze, Fragile rPois
                  | rF+ Str+4} (You found it on level 3 of the Snake Pit)
 43937 | Snake:4  | Found Enaih's Eclectic Emporium.
 44260 | Snake:4  | Gained Wargath as an ally
 44283 | Snake:4  | Your ally Ugbert died
 44285 | Snake:4  | Your ally Syrus died
 44297 | Snake:4  | Your ally Hawl died
 44299 | Snake:4  | HP: 7/177 [naga sharpshooter/bolt (3)]
 45316 | Snake:4  | Reached skill level 5 in Evocations
 45329 | Snake:4  | Reached skill level 20 in Long Blades
 45333 | Snake:4  | HP: 7/177 [nagaraja/+0 spear (5)]
 45337 | Snake:4  | HP: 2/177 [poisoned by a naga (splash of poison)]
 45379 | Snake:4  | HP: 8/177 [poisoned by a naga (splash of poison)]
 45384 | Snake:4  | HP: 6/177 [poisoned by a naga (splash of poison)]
 45389 | Snake:4  | HP: 5/177 [poisoned by a naga (splash of poison)]
 45394 | Snake:4  | HP: 5/177 [poisoned by a naga (splash of poison)]
 45401 | Snake:4  | HP: 6/177 [poisoned by a naga (splash of poison)]
 45409 | Snake:4  | HP: 7/177 [poisoned by a naga (splash of poison)]
 45859 | Snake:4  | HP: 7/177 [naga sharpshooter/arrow (6)]
 45860 | Snake:4  | Slain by a naga mage

Illustrated notes

Levels and vault maps discovered:
D:1:      psy_arrival_spokes, layout_basic, serial_bayou_pond_b
D:2:      layout_rooms, uniq_jessica, uniq_robin
D:3:      layout_loops_ring, evilmike_ruin_ashenzari, uniq_sigmund
D:4:      layout_basic, nemelex_xobeh_ov_fountains_minmay,
          minmay_temple_entry_antechambers, biasface_ghost_orc_armoury,
          uniq_ijyb
D:5:      layout_gridville, serial_shops, shop
D:6:      layout_basic, serial_shops, nicolae_shop_trees
D:7:      layout_basic, enter_bailey_2
D:8:      layout_rooms, nicolae_ru_sacrificial_ziggurat, serial_shops,
          shop_fountains, shop, kennysheep_mini_moat, nicolae_shop_trees,
          kennysheep_generic_room_16
D:9:      layout_loops_corners, lemuel_coloured_pillars_altar, elyvilon_altar_4,
          basic_altar, minmay_librarian
D:10:     layout_small_grid, orc_0_dummy
D:11:     layout_basic, dpeg_oklobed_lair
D:12:     layout_basic, kennysheep_cross_room, kennysheep_crisscross,
          minivault_14
D:13:     layout_cave_pools, david_vaults_4, basic_altar, nicolae_two_hexagons,
          minivault_15, einodemon_barbed_minivault, uniq_urug, uniq_frances
Temple:   compressed_dpeg_circular_temple
Lair:1:   layout_roguey
Lair:2:   layout_cave_pods, roderic_carrion_pond
Lair:3:   gammafunk_mikee_crab_dinner, layout_chaotic_city,
          minmay_shoals_entry_centaurs, minmay_snake_entry_guardpost_large,
          chequers_serial_rivers_large_b, minivault_23
Lair:4:   layout_cellular_growth
Lair:5:   layout_cave_pods
Lair:6:   due_jungle_book, layout_cave_shapes, slime_altar_1, grunt_megastairs_2
Shoals:1: layout_shoals, serial_shops, nicolae_shop_competitors_out_of_business,
          yaktaur_hedge
Shoals:2: layout_shoals
Shoals:3: layout_shoals, nicolae_shoals_cliffside_cave
Shoals:4: shoals_end_grunt_ice, layout_shoals, uniq_louise
Snake:1:  skrybe_snakes_to_sticks, layout_onion_interference,
          grunt_megastairs_4, lemuel_fruit_tree
Snake:2:  layout_layer_cave, statue_in_the_mist_lemuel, serial_bayou_pond_d
Snake:3:  layout_honeycomb, nicolae_snake_single_loop
Snake:4:  grunt_snake_rune_spirals, layout_onion, nicolae_alphabet_shops,
          serial_bayou_lagoon_a
Orc:1:    nicolae_orc_accident_3, layout_diamond_mine, serial_shops,
          nicolae_shop_trees, okawaru_metal_pillars_1_2
Orc:2:    grunt_orc_community_town_hall, layout_caves,
          grunt_orc_community_big_house_1, grunt_orc_community_big_house_2,
          grunt_orc_community_house_2, grunt_orc_community_house_3,
          grunt_orc_community_house_3, grunt_orc_community_house_3

Skill      XL: |  1  2  3  4  5  6  7  8  9 10 11 12 13 14 15 16 17 18 19 |
---------------+----------------------------------------------------------+-----
Fighting       | 4 5 6 7 8 9 11 12 13 14 15 16 17 | 17.4
Axes           | 5 6 7 8 9 10 | 10.2
Armour         | 1 2 3 5 6 8 10 11 12 13 14 16 | 16.8
Dodging        | 3 4 5 6 |  6.2
Stealth        | 2 3 4 |  4.6
Throwing       | 3 4 5 |  5.7
Polearms       | 1 2 |  2.3
Invocations    | 1 2 3 4 5 6 |  6.3
Long Blades    | 2 7 10 13 14 15 16 18 19 20 | 20.0
Evocations     | 1 3 4 5 |  5.1

Action                   |  1- 3 |  4- 6 |  7- 9 | 10-12 | 13-15 | 16-18 | 19-21 || total
-------------------------+-------+-------+-------+-------+-------+-------+-------++-------
Melee: Hand axe          |   101 |   200 |   355 |       |       |       |       ||   656
       Trident           |       |       |    28 |       |       |       |       ||    28
       Great sword       |       |       |    27 |   310 |   342 |   541 |   120 ||  1340
Throw: Stone             |       |       |    34 |       |       |       |       ||    34
       Dart              |       |       |    27 |     1 |       |    37 |       ||    65
       Javelin           |       |       |     2 |       |     4 |       |       ||     6
       Boomerang         |       |       |       |       |       |    21 |       ||    21
Invok: Convert to Beogh  |       |     1 |       |       |       |       |       ||     1
       Recall Orcish Fol |       |       |     2 |    14 |    15 |    30 |    10 ||    71
       Smiting           |       |       |     2 |     1 |       |       |       ||     3
       Give Item to Name |       |       |       |     4 |     4 |     4 |       ||    12
       Resurrection      |       |       |       |     1 |       |       |       ||     1
       Stop Recall       |       |       |       |     1 |     2 |     2 |       ||     5
Evoke: Wand              |       |       |     1 |     1 |     9 |    10 |     3 ||    24
       Condenser vane    |       |       |       |     1 |       |     1 |     1 ||     3
       Tin of tremorston |       |       |       |       |       |     2 |       ||     2
       Box of beasts     |       |       |       |       |       |     1 |     2 ||     3
       Lightning rod     |       |       |       |       |       |       |     3 ||     3
  Use: Scroll            |       |       |    14 |    11 |     5 |     2 |     3 ||    35
       Potion            |       |       |     7 |     3 |     3 |     6 |     6 ||    25
 Stab: Sleeping          |     1 |     2 |     1 |       |       |       |       ||     4
       Distracted        |       |     1 |       |       |     3 |     4 |     1 ||     9
       Paralysed         |       |       |     4 |       |       |       |       ||     4
Armor: Leather armour    |    16 |    66 |     9 |       |       |       |       ||    91
       Scale mail        |       |       |    99 |       |       |     2 |       ||   101
       Plate armour      |       |       |   122 |   182 |     8 |   459 |    83 ||   854
       Chain mail        |       |       |       |    69 |   280 |       |       ||   349
Dodge: Dodged            |    63 |   144 |   304 |   265 |   322 |   617 |    73 ||  1788
       Rpst.: Great sword |       |       |     9 |    70 |    85 |    85 |    12 ||   261

Table legend: (Time is in decaauts)
 A = Elapsed time spent in this place.
 B = Non-inter-level travel time spent in this place.
 C = Inter-level travel time spent in this place.
 D = Time resting spent in this place.
 E = Time spent auto-exploring this place.
 F = Levels seen in this place.
 G = Mean time per level.
                   A        B        C        D        E       F      G
               +--------+--------+--------+--------+--------+-----+--------+
         Total |  45789 |  42641 |   3148 |   4616 |  23586 |  31 | 1477.1 |
       Dungeon |  17404 |  16228 |   1176 |   1542 |   8721 |  13 | 1338.8 |
        Temple |     91 |     83 |      8 |      0 |     68 |   1 |   91.0 |
          Lair |   9615 |   8896 |    719 |   1276 |   4605 |   6 | 1602.5 |
        Shoals |   7306 |   6926 |    380 |    992 |   3621 |   4 | 1826.5 |
     Snake Pit |   7900 |   7366 |    534 |    436 |   4830 |   4 | 1975.0 |
  Orcish Mines |   2632 |   2303 |    329 |      0 |   1698 |   2 | 1316.0 |
        Bailey |    838 |    838 |      0 |    369 |     42 |   1 |  838.0 |
               +--------+--------+--------+--------+--------+-----+--------+

Top non-repeatable levels by time:
  Lair:3: 3314 daAuts
 Snake:1: 2481 daAuts
Shoals:3: 2264 daAuts
 Snake:4: 2223 daAuts
     D:4: 1853 daAuts
Shoals:2: 1821 daAuts
Shoals:4: 1736 daAuts
 Snake:2: 1718 daAuts
     D:5: 1705 daAuts
  Lair:6: 1691 daAuts
    D:13: 1651 daAuts
    D:12: 1651 daAuts
     D:1: 1637 daAuts
   Orc:2: 1626 daAuts
Shoals:1: 1484 daAuts
